 Dungeon Crawl Stone Soup version 0.31.0-9-g3a7656b989 (webtiles) character file.

Game seed: 15694023599822738180

296 qw the Shooter (level 6, 0/30 HPs)
             Began as a Spriggan Hunter on Feb 2, 2024.
             Succumbed to a scorpion's poison
             ... on level 4 of the Dungeon.
             The game lasted 00:00:07 (1843 turns).

qw the Shooter (Spriggan Hunter)                    Turns: 1843, Time: 00:00:07

Health: 0/30       AC:  2    Str:  7    XL:     6   Next: 12%
Magic:  7/7        EV: 21    Int: 10    God:
Gold:   200        SH:  0    Dex: 21    Spells: 5/5 levels left

rFire   . . .        a - +0 shortbow
rCold   . . .        (shield currently unavailable)
rNeg    . . .        c - +0 robe
rPois   .            (helmet restricted)
rElec   .            (no cloak)
rCorr   .            (gloves unavailable)
SInv    +            (boots unavailable)
Will    +....        (no amulet)
Stlth   ++           (no ring)
HPRegen 0.25/turn    (no ring)
MPRegen 0.10/turn

%: no passive effects
@: lethally poisoned (0 -> -1), about to teleport, very quick
A: very small, no large weapons, unfitting armour, see invisible, speed 3
a: no special abilities


You were on level 4 of the Dungeon.
You visited 1 branch of the dungeon, and saw 4 of its levels.

You collected 200 gold pieces.


Innate Abilities, Weirdness & Mutations

You are very small and have problems with some larger weapons.
You are too small for most types of armour.
You have supernaturally acute eyesight. (SInv)
You cover ground extremely quickly. (Speed+++)


   Skills:
 - Level 2.1 Fighting
 - Level 6.2 Ranged Weapons
 + Level 5.4 Dodging
 - Level 1.5 Stealth


You had 5 spell levels left.
You didn't know any spells.
Your spell library was empty.

Inventory:

Hand Weapons
 a - a +0 shortbow (weapon)
Armour
 c - a +0 robe (worn)
Jewellery
 d - a ring of ice
 i - a ring of fire
Wands
 g - a wand of flame (14)
Scrolls
 b - a scroll of silence {unknown}
 h - a scroll of identify
Potions
 e - a potion of curing {unknown}
 j - 2 potions of heal wounds {unknown}

Dungeon Overview and Level Annotations

Branches:
Dungeon (4/15)
 Temple: D:4-7

Altars:

Shops:
D:2 *

Annotations:
D:3 1 runed translucent door, qw's ghost, amateur DEHu


Message History

You shoot an arrow. The arrow hits the scorpion.
The scorpion is moderately wounded.
You shoot an arrow. The arrow hits the scorpion.
The scorpion is heavily wounded.
The scorpion misses you.
You shoot an arrow. The arrow barely misses the scorpion.
The scorpion barely misses you.
You shoot an arrow. The arrow hits the scorpion.
The scorpion is heavily wounded.
The scorpion closely misses you. The scorpion misses you.
You shoot an arrow. The arrow hits the scorpion.
The scorpion is almost dead.
The scorpion completely misses you.
You shoot an arrow.
The arrow hits the scorpion but does no damage.
The scorpion is almost dead.
The scorpion stings you.
You shoot an arrow. The arrow closely misses the scorpion.
The scorpion stings you!
You are poisoned.
The scorpion poisons you! The scorpion completely misses you.
You shoot an arrow. The arrow barely misses the scorpion.
You feel sick. The scorpion stings you.
You shoot an arrow. The arrow barely misses the scorpion.
You feel sick. The scorpion completely misses you.
You shoot an arrow. The arrow barely misses the scorpion.
You feel sick. The scorpion completely misses you. The scorpion stings you.
1840 ||| READING scroll of teleportation.
As you read the scroll of teleportation, it crumbles to dust.
You feel strangely unstable.
You feel sick. The scorpion misses you.
You shoot an arrow. The arrow hits the scorpion!
You kill the scorpion!
You feel sick.
Your Ranged Weapons skill increases to level 6!
You have reached level 6!
There is a lethal amount of poison in your body!
You feel sick.
There is a lethal amount of poison in your body!
You die...

#....... #.....#
#.....#. #.....#
####.....?. .....#
........### ....#
####..#%#.# ...#
#.....#.# ..#
##.#...... #%#
###(...%##.# #@#
##...###.#... #.#
##..#.#....... #.#
#.....###.#... #.#
#.###.....##.# #.#
#.# ##.#......
#.###.####.....#.#
#............#.#.#
###########....###
#.##....


There were no monsters in sight!

Vanquished Creatures
  3 scorpions (D:4)
  A hound (D:4)
  An iguana (D:3)
  An adder (D:2)
  4 dart slugs
  6 endoplasms
  3 giant cockroaches
  5 goblins
  4 hobgoblins
  A jackal (D:4)
  A quokka (D:2)
  8 ball pythons
  A frilled lizard (D:2)
  5 kobolds
  7 rats
51 creatures vanquished.

Notes
Turn   | Place    | Note
-------+----------+-------------------------------------------
     0 | D:1      | qw the Spriggan Hunter began the quest for the Orb.
     0 | D:1      | Reached XP level 1. HP: 10/10 MP: 2/2
     0 | D:1      | 0 ||| qw: Version: 0.3-a-155-g5e7d8dd
     0 | D:1      | 0 ||| qw: Game counter: 1886
     0 | D:1      | 0 ||| qw: Melee chars always use a shield: true
     0 | D:1      | 0 ||| qw: God list: Okawaru
     0 | D:1      | 0 ||| qw: Allow faded altars: false
     0 | D:1      | 0 ||| qw: Do Orc after clearing Dungeon:15 true
     0 | D:1      | 0 ||| qw: Do second Lair branch before Depths: true
     0 | D:1      | 0 ||| qw: Lair rune preference: random
     0 | D:1      | 0 ||| qw: Goals: Normal
     0 | D:1      | 0 ||| PLANNING D:1-11
    33 | D:1      | Reached skill level 3 in Dodging
   156 | D:1      | Reached XP level 2. HP: 14/14 MP: 3/3
   496 | D:1      | 496 ||| READING scroll labelled JUULOR OSHREJ.
   497 | D:1      | 497 ||| READING scroll labelled TOIHIL PYUT.
   502 | D:1      | 502 ||| DROPPING scroll of butterflies.
   746 | D:2      | Reached XP level 3. HP: 18/18 MP: 4/4
   757 | D:2      | Found Werhoigo's General Store.
   772 | D:2      | 772 ||| SHOPLISTING potion of heal wounds (70 gold, have
                  | 63).
   772 | D:2      | 772 ||| SHOPLISTING wand of charming (5) (168 gold, have
                  | 63).
   951 | D:2      | Found a faded altar of an unknown god.
  1159 | D:2      | 1159 ||| READING scroll labelled FONOFOOWIA.
  1305 | D:3      | Reached skill level 5 in Ranged Weapons
  1305 | D:3      | Reached XP level 4. HP: 22/22 MP: 5/5
  1317 | D:3      | 1317 ||| FLEEEEING.
  1319 | D:3      | 1319 ||| FLEEEEING.
  1441 | D:3      | Found a runed translucent door.
  1441 | D:3      | Noticed a bullfrog
  1447 | D:3      | Noticed qw's ghost (amateur DEHu)
  1556 | D:3      | 1556 ||| READING scroll labelled DENOBA OCZO.
  1557 | D:3      | 1557 ||| READING scroll labelled ISISHOMNONT.
  1558 | D:3      | 1558 ||| READING 4 scrolls labelled WICIANW CAXEI.
  1558 | D:3      | 1558 ||| IDENTIFYING sedimented dark potion
  1559 | D:3      | 1559 ||| DROPPING potion of degeneration.
  1575 | D:4      | Noticed a scorpion
  1576 | D:4      | 1576 ||| ZAPPING wand of flame (19) at 0,7 (scorpion;
                  | floor).
  1577 | D:4      | 1577 ||| ZAPPING wand of flame (18) at 0,5 (scorpion;
                  | floor).
  1578 | D:4      | 1578 ||| ZAPPING wand of flame (17) at 0,4 (scorpion;
                  | floor).
  1579 | D:4      | 1579 ||| ZAPPING wand of flame (16) at 0,3 (scorpion;
                  | floor).
  1580 | D:4      | 1580 ||| ZAPPING wand of flame (15) at 0,2 (scorpion;
                  | floor).
  1580 | D:4      | Killed a scorpion
  1581 | D:4      | Reached XP level 5. HP: 25/25 MP: 6/6
  1720 | D:4      | 1720 ||| READING 3 scrolls of identify.
  1720 | D:4      | 1720 ||| IDENTIFYING scroll labelled KOCZIU JEAXI
  1721 | D:4      | 1721 ||| READING 2 scrolls of identify.
  1721 | D:4      | 1721 ||| IDENTIFYING scroll labelled XUIKLE CALUATH
  1722 | D:4      | 1722 ||| DROPPING scroll of poison.
  1723 | D:4      | 1723 ||| DROPPING scroll of immolation.
  1839 | D:4      | HP: 6/26 [poisoned by a scorpion]
  1840 | D:4      | 1840 ||| READING scroll of teleportation.
  1840 | D:4      | HP: 2/26 [poisoned by a scorpion]
  1842 | D:4      | Reached skill level 6 in Ranged Weapons
  1842 | D:4      | Reached XP level 6. HP: 2/30 MP: 7/7
  1843 | D:4      | Succumbed to a scorpion's poison

Levels and vault maps discovered:
D:1:      dpeg_chamrin_arrival_tetris, layout_rooms, hex_tiny
D:2:      layout_loops_ring, shapermc_ecumenical_altar_rom_forum, serial_shops,
          nicolae_shop_tiny_glass, chequers_serial_rivers_small_a,
          feat_on_display
D:3:      layout_rooms, ebering_ghost_sewer_d
D:4:      layout_basic, serial_shops, nicolae_shop_pleasant_corner_grove,
          hex_medium, minmay_fractal_squares_5

Skill      XL: |  1  2  3  4  5 |
---------------+----------------+-----
Dodging        | 3 4 5 |  5.4
Ranged Weapons | 5 6 |  6.2
Fighting       | 2 |  2.1
Stealth        | |  1.5

Action                     |  1- 3 |  4- 6 || total
---------------------------+-------+-------++-------
   Fire: Shortbow          |    84 |    43 ||   127
  Evoke: Wand              |       |     5 ||     5
    Use: Scroll            |     3 |     6 ||     9
 Armour: Robe              |     1 |     9 ||    10
  Dodge: Dodged            |    18 |    22 ||    40

Table legend:
 A = Non-vault XP
 B = Vault XP
 C = Vault XP percentage of total XP
 D = Non-vault monster count
 E = Vault monster count
 F = Vault count percentage of total count
                 A         B        C        D         E       F
            +---------+---------+-------+---------+---------+-------
      Total |     334 |      90 |  21.2 |      48 |       3 |   5.9
            +---------+---------+-------+---------+---------+-------
        D:1 |      28 |       0 |   0.0 |      17 |       0 |   0.0
        D:2 |      34 |       0 |   0.0 |      13 |       0 |   0.0
        D:3 |      62 |       0 |   0.0 |      13 |       0 |   0.0
        D:4 |     210 |      90 |  30.0 |       5 |       3 |  37.5
            +---------+---------+-------+---------+---------+-------
